 Dungeon Crawl Stone Soup version 0.30-a0-743-gbfdf073431 (webtiles) character file.

Game seed: 18331060811089241629

251 Nyo the Chopper (level 5, -6/48 HPs)
             Began as a Minotaur Berserker on Feb 6, 2023.
             Was a Believer of Trog.
             Mangled by a gnoll
             ... wielding a +0 halberd
              (12 damage)
             ... on level 3 of the Dungeon.
             The game lasted 00:04:58 (1923 turns).

Nyo the Chopper (Minotaur Berserker)                Turns: 1923, Time: 00:04:58

Health: -6/48      AC:  5    Str: 24    XL:     5   Next: 88%
Magic:  4/4        EV: 11    Int:  4    God:    Trog [**....]
Gold:   115        SH:  0    Dex:  9    Spells: 4/4 levels left

rFire   . . .      SeeInvis .    a - +0 hand axe
rCold   . . .      Faith    .    (no shield)
rNeg    . . .      Spirit   .    e - +0 ring mail
rPois   .          Reflect  .    (helmet restricted)
rElec   .          Harm     .    (no cloak)
rCorr   .          Rampage  .    (no gloves)
Will    .....                    (no boots) Stlth
                                 f - amulet of the acrobat
HPRegen 0.00/turn                (no ring)
MPRegen 0.09/turn                (no ring)

@: inhibited regen, unable to read
A: horns 2, retaliatory headbutt, talons 1, inhibited regeneration, inability to
read after injury 1
a: Renounce Religion, Berserk, Trog's Hand


You were on level 3 of the Dungeon.
You worshipped Trog.
Trog was pleased with you.
You visited 1 branch of the dungeon, and saw 3 of its levels.

You collected 115 gold pieces.

Inventory:

Hand Weapons
 a - a +0 hand axe (weapon)
Missiles
 c - 2 throwing nets (quivered)
Armour
 e - a +0 ring mail (worn)
Jewellery
 f - an amulet of the acrobat (around neck)
Scrolls
 b - a scroll of noise {unknown}


   Skills:
 + Level 5.0 Fighting
 + Level 5.8 Axes
 + Level 4.1 Armour
 + Level 3.0 Dodging
 + Level 0.2 Stealth


You had 4 spell levels left.
You didn't know any spells.
Your spell library was empty.

Dungeon Overview and Level Annotations

Branches:
Dungeon (3/15)

Altars:


Innate Abilities, Weirdness & Mutations

You have a pair of horns on your head.
You reflexively headbutt those who attack you in melee.
You have sharp toenails.
You do not regenerate when monsters are visible.
You occasionally lose the ability to read scrolls when taking damage.


Message History

The orc hits you with a +0 club.
You barely miss the orc. Your kick misses the orc.
Your headbutt misses the orc.
The orc is heavily wounded.
You hit the orc.
The gnoll hits you from afar with a +0 halberd!
The orc barely misses you. The orc closely misses you.
You slash the orc!
You kill the orc!
Trog accepts your kill.
You hit the orc.
The gnoll hits you from afar with a +0 halberd!
You feel threatened and lose the ability to read scrolls!
* * * LOW HITPOINT WARNING * * *
The orc barely misses you. The gnoll closely misses you.
The orc completely misses you. You furiously retaliate!
You headbutt the orc.
Things that are here:
a +0 club; an orc corpse You hit the gnoll but do no damage.
Your kick misses the gnoll. You closely miss the orc.
The gnoll closely misses you. The orc barely misses you.
You furiously retaliate!
You headbutt the orc!
You kill the orc!
Trog accepts your kill.
You hit the gnoll but do no damage. Your kick misses the gnoll.
The gnoll hits you with a +0 halberd.
* * * LOW HITPOINT WARNING * * *
You hit the gnoll. Your kick misses the gnoll.
The gnoll is moderately wounded.
The gnoll misses you.
You hit the gnoll but do no damage. You claw the gnoll.
The gnoll is almost dead.
The gnoll barely misses you.
You closely miss the gnoll.
The gnoll is almost dead.
The gnoll hits you but does no damage.
You barely miss the gnoll.
The gnoll is almost dead.
The gnoll hits you with a +0 halberd!
You die...

#................
#..####'#######'#
# #.....##
##.....##
##.....##
##.....##
##.....# ###'###
#.†@).# #..g..#
+.....'..
#.....#....
#.....#....
###'### ... ...
.. ...


You could see a gnoll.

Vanquished Creatures
  A scorpion (D:2)
  Natasha (thrice) (D:2)
  3 gnolls (D:3)
  3 adders (D:2)
  A worm (D:2)
  2 orcs (D:3)
  6 bats
  7 endoplasms
  4 giant cockroaches
  4 goblins
  4 hobgoblins
  3 kobolds
  2 quokkas
  7 ball pythons
  3 frilled lizards
  6 rats
59 creatures vanquished.

Notes
Turn   | Place    | Note
-------+----------+-------------------------------------------
     0 | D:1      | Nyo the Minotaur Berserker began the quest for the Orb.
     0 | D:1      | Reached XP level 1. HP: 19/19 MP: 0/0
   225 | D:1      | Reached XP level 2. HP: 25/27 MP: 1/1
   663 | D:2      | Reached XP level 3. HP: 33/33 MP: 2/2
   741 | D:2      | Noticed Natasha
   747 | D:2      | Killed Natasha
   933 | D:2      | Reached XP level 4. HP: 36/40 MP: 3/3
   969 | D:2      | Reached ** piety under Trog
   970 | D:2      | Noticed Natasha
   980 | D:2      | Killed Natasha
  1128 | D:2      | Noticed a scorpion
  1137 | D:2      | Killed a scorpion
  1138 | D:2      | Reached skill level 5 in Axes
  1138 | D:2      | Reached XP level 5. HP: 40/47 MP: 4/4
  1384 | D:2      | Noticed Natasha
  1395 | D:2      | Killed Natasha
  1525 | D:2      | Gained mutation: You have sharp toenails. [potion of
                  | mutation]
  1525 | D:2      | Gained mutation: You do not regenerate when monsters are
                  | visible. [potion of mutation]
  1525 | D:2      | Gained mutation: You occasionally lose the ability to read
                  | scrolls when taking damage. [potion of mutation]
  1823 | D:3      | Reached skill level 5 in Fighting
  1923 | D:3      | Mangled by a gnoll

Illustrated notes

Levels and vault maps discovered:
D:1:      dpeg_arrival_erosion, layout_loops_ring, minmay_pentomino_p4
D:2:      layout_basic, uniq_natasha
D:3:      layout_loops_ring, kennysheep_decorative_pillar,
          minmay_quadrilaterals, uniq_sigmund

Skill      XL: |  1  2  3  4  5 |
---------------+----------------+-----
Axes           | 4 5 |  5.8
Fighting       | 4 5 |  5.0
Armour         | 3 4 |  4.1
Dodging        | 3 |  3.0
Stealth        | |  0.2

Action                     |  1- 3 |  4- 6 || total
---------------------------+-------+-------++-------
  Melee: Hand axe          |    54 |    67 ||   121
         Headbutt          |    10 |     7 ||    17
         Kick              |       |     6 ||     6
         Punch             |       |     1 ||     1
    Use: Scroll            |     2 |     1 ||     3
         Potion            |       |     2 ||     2
 Armour: Leather armour    |     4 |       ||     4
         Ring mail         |    22 |    21 ||    43
  Dodge: Dodged            |    40 |    73 ||   113

Table legend: (Time is in decaauts)
 A = Elapsed time spent in this place.
 B = Non-inter-level travel time spent in this place.
 C = Inter-level travel time spent in this place.
 D = Time resting spent in this place.
 E = Time spent auto-exploring this place.
 F = Levels seen in this place.
 G = Mean time per level.
                   A        B        C        D        E       F      G
               +--------+--------+--------+--------+--------+-----+--------+
         Total |   1934 |   1878 |     56 |      0 |   1409 |   3 |  644.7 |
       Dungeon |   1934 |   1878 |     56 |      0 |   1409 |   3 |  644.7 |
               +--------+--------+--------+--------+--------+-----+--------+

Top non-repeatable levels by time:
     D:2: 1055 daAuts
     D:1: 560 daAuts
     D:3: 318 daAuts
